Map: Year Zero LE

Players

TOMMY

  • Race: Protoss Protoss
  • League: Gold
  • Spawn Location: 1:00

FLORENCIO - Winner!

  • Race: Terran Terran
  • League: Platinum
  • Spawn Location: 11:00

VOD

Have the link to the VOD?

Description

Time

  • Played on: April 16, 2019, 3:26 p.m.
  • Length: 22:24
Show
View Real Time Build Order
Export as new Build Order

TOMMY Protoss 

Build Orders:  

Get SALT Encoding   

  12  0:02  Probe  
  13  0:14  Probe  
  14  0:21  Pylon  
  14  0:26  Probe  
  15  0:39  Probe  
  16  0:45  Gateway  
  16  0:48  Probe  
  16  0:52  Assimilator  
  16  0:56  Probe  
  18  1:06  Probe  
  19  1:14  Pylon  
  19  1:18  Probe  
  20  1:31  Gateway  
  20  1:34  Probe  
  20  1:49  Forge  
  20  2:01  Pylon x2  
  20  2:05  Pylon  
  20  2:11  Probe  
  21  2:26  Photon Cannon  
  21  2:29  Probe  
  22  2:38  Gateway  
  22  2:41  Probe  
  23  2:44  Assimilator  
  23  3:04  Probe, Gateway  
  24  3:25  Nexus  
  24  3:30  Pylon  
  24  3:31  Zealot  
  26  3:54  Zealot  
  26  3:59  Cybernetics Core  
  26  4:01  Zealot  
  30  4:06  Probe  
  31  4:26  Warp Gate  
  31  4:37  Zealot  
  31  4:38  Zealot  
  35  4:43  Probe x2  
  37  4:55  Probe x2  
  39  5:04  Stalker x2  
  43  5:07  Probe  
  43  5:12  Probe  
  45  5:19  Probe  
  46  5:33  Probe x2  
  46  5:35  Zealot x2  
  48  5:45  Probe x2  
  50  5:57  Probe x2  
  50  6:01  Stalker x2  
  53  6:12  Probe x2  
  55  6:24  Probe x2  
  57  6:25  Pylon  
  57  6:31  Stalker  
  59  6:36  Probe  
  59  6:38  Robotics Facility x2  
  60  6:42  Probe  
  60  6:45  Zealot  
  62  7:05  Probe x2  
  62  7:07  Stalker  
  66  7:16  Assimilator  
  66  7:17  Probe x2  
  66  7:18  Assimilator, Gateway  
  68  7:25  Stalker, Protoss Ground Weapons Level 1  
  70  7:34  Pylon  
  70  7:36  Pylon  
  70  7:47  Pylon  
  70  7:52  Probe x2, Observer x2  
  74  8:04  Probe x2  
  76  8:10  Stalker x2  
  76  8:12  Nexus  
  80  8:14  Pylon  
  80  8:15  Zealot  
  80  8:16  Probe  
  83  8:31  Robotics Bay  
  83  8:34  Pylon  
  83  8:39  Immortal  
  83  8:40  Stalker x3  
  89  9:12  Stalker  
  89  9:13  Stalker x2  
  95  9:23  Stargate  
  93  9:34  Immortal x2  
  91  9:42  Twilight Council  
  99  9:49  Sentry x2  
  103  10:00  Pylon  
  59  10:31  Zealot  
  57  10:37  Zealot  
  59  10:52  Probe  
  59  10:53  Probe x2  
  62  11:03  Charge  
  62  11:04  Probe  
  62  11:05  Cybernetics Core  
  62  11:06  Probe  
  62  11:07  Probe  
  62  11:10  Zealot x2  
  69  11:16  Probe  
  69  11:18  Probe  
  71  11:23  Phoenix  
  71  11:28  Pylon  
  71  11:30  Pylon  
  71  11:31  Zealot x2  
  74  11:41  Phoenix  
  69  11:53  Zealot  
  69  11:54  Pylon  
  67  12:07  Probe x3  
  70  12:15  Zealot  
  72  12:28  Zealot  
  74  12:32  Probe x3  
  77  12:39  Gateway  
  77  12:43  Photon Cannon  
  77  12:44  Probe x2  
  78  12:45  Photon Cannon  
  78  12:47  Protoss Ground Weapons Level 2  
  78  12:50  Blink  
  79  12:53  Disruptor x2  
  79  12:56  Stalker x2  
  89  13:06  Gateway  
  89  13:09  Probe x2  
  89  13:10  Gateway  
  88  13:22  Pylon  
  88  13:26  Probe x3  
  91  13:30  Photon Cannon  
  82  13:42  Probe x2  
  82  13:43  Probe  
  82  13:45  Zealot x3  
  91  13:54  Probe x2  
  91  13:55  Probe  
  90  14:06  Probe  
  90  14:09  Probe x2  
  93  14:10  Zealot  
  93  14:11  Zealot x2  
  93  14:14  Immortal  
  103  14:20  Assimilator  
  103  14:23  Assimilator  
  103  14:28  Pylon  
  103  14:29  Pylon  
  103  14:33  Pylon, Gateway  
  103  14:35  Gateway  
  103  14:36  Immortal  
  107  14:53  Stalker x3  
  107  14:54  Immortal  
  117  15:09  Stalker x2  
  121  15:24  Fleet Beacon  
  121  15:27  Stargate  
  121  15:32  Zealot x4  
  129  15:36  Pylon  
  129  15:39  Pylon  
  129  15:41  Pylon  
  126  16:01  Zealot x5  
  134  16:09  Tempest  
  134  16:10  Tempest  
  142  16:28  Stalker x3  
  142  16:29  Stalker  
  93  17:27  Stalker x3  
  93  17:28  Stalker x4  
  94  17:45  Nexus  
  94  17:51  Stalker  
  96  17:53  Probe  
  97  18:19  Stalker  
  99  18:20  Stalker  
  101  18:29  Stalker  
  101  18:30  Probe  
  104  18:34  Probe x2  
  104  18:38  Probe  
  93  18:56  Cybernetics Core  
  89  19:08  Tempest  
  92  19:19  Probe  
  92  19:23  Pylon  
  90  19:27  Pylon  
  90  19:30  Zealot  
  90  19:31  Zealot  
  94  19:37  Probe x2  
  96  19:40  Probe  
  97  19:51  Photon Cannon  
  97  19:57  Probe x3  
  100  20:02  Probe  
  101  20:11  Pylon  
  96  20:39  Stalker x2  
  96  20:40  Stalker  
  92  20:55  Stalker x3  
  92  20:56  Stalker  
  100  20:57  Probe  
  100  21:23  Stalker x3  
  104  21:33  Probe x3  
  107  21:45  Zealot  
  107  21:46  Zealot  
Show
View Real Time Build Order
Export as new Build Order

FLORENCIO Terran - Winner!

Build Orders: Gas First Reaper Expand 

Get SALT Encoding   

  12  0:01  SCV  
  13  0:13  SCV  
  14  0:18  Supply Depot  
  14  0:25  SCV  
  15  0:35  Refinery  
  15  0:45  SCV  
  16  1:35  Barracks  
  16  2:39  Refinery  
  16  2:46  SCV  
  17  3:10  SCV  
  18  3:22  SCV  
  18  3:26  Reaper  
  20  3:34  Orbital Command  
  20  3:49  Command Center  
  20  4:00  Engineering Bay  
  20  4:38  SCV  
  21  4:40  Reaper  
  22  4:50  SCV  
  23  5:32  Reaper  
  25  6:04  Reaper  
  25  6:18  Factory  
  25  6:25  Refinery  
  25  6:29  Planetary Fortress  
  25  6:36  Marine  
  26  6:53  Marine  
  23  7:01  Factory Tech Lab  
  23  7:09  Factory  
  23  7:10  SCV  
  24  7:16  Command Center  
  24  7:22  SCV  
  25  7:28  Marine  
  26  7:34  SCV  
  26  7:36  Barracks  
  27  7:46  SCV, Marine  
  27  7:49  Siege Tank  
  32  7:57  Factory Tech Lab  
  32  8:03  Marine  
  33  8:08  Bunker  
  33  8:12  Missile Turret  
  33  8:14  Missile Turret x2  
  33  8:16  Missile Turret  
  33  8:21  Siege Tank  
  36  8:28  Siege Tank  
  39  8:49  Command Center  
  38  9:16  Siege Tank x2  
  44  9:39  Planetary Fortress  
  44  9:43  Marine  
  45  10:01  Marine  
  30  10:19  Marine  
  22  10:25  SCV  
  19  10:36  Orbital Command  
  19  10:37  SCV, Marine  
  21  10:50  Siege Tank  
  21  10:54  SCV  
  21  10:55  Marine  
  26  11:06  SCV x2  
  26  11:07  Command Center  
  28  11:13  Marine  
  28  11:18  SCV x2  
  31  11:30  SCV x2, Marine  
  34  11:42  SCV x2  
  36  11:48  Marine  
  37  11:54  SCV  
  37  11:56  Refinery x2  
  42  12:01  Widow Mine x2  
  42  12:06  SCV, Marine  
  42  12:07  Barracks  
  41  12:18  SCV  
  46  12:22  Widow Mine x2  
  46  12:24  Marine  
  46  12:26  Command Center  
  47  12:31  SCV  
  47  12:36  Planetary Fortress  
  48  12:39  Missile Turret  
  48  12:43  SCV  
  49  12:50  Widow Mine x2  
  53  12:55  SCV  
  54  13:07  SCV  
  59  13:19  SCV  
  60  13:21  Siege Tank x2  
  62  13:48  Orbital Command  
  62  13:50  Starport  
  50  14:29  Starport  
  50  14:34  Starport  
  50  14:35  SCV  
  50  14:36  Fusion Core  
  50  14:38  SCV x2, Starport  
  53  14:47  SCV  
  53  14:50  SCV x2  
  57  15:00  Starport Tech Lab, SCV  
  57  15:02  SCV x2  
  59  15:08  Supply Depot  
  59  15:12  SCV, Marine x2  
  62  15:14  SCV  
  63  15:22  Refinery  
  63  15:24  Starport Tech Lab x3, SCV  
  63  15:25  Refinery  
  64  15:30  Weapon Refit, Marine x2  
  66  15:36  SCV  
  67  15:48  Marine x2  
  69  15:55  Battlecruiser  
  75  16:06  Marine  
  75  16:10  Battlecruiser  
  81  16:33  Supply Depot  
  81  16:39  Supply Depot  
  80  16:47  Battlecruiser  
  75  16:57  Supply Depot  
  69  17:07  Battlecruiser  
  69  17:18  Supply Depot  
  69  17:19  Battlecruiser  
  69  17:22  Supply Depot  
  72  17:34  Command Center  
  72  17:38  Command Center  
  72  17:40  Command Center  
  72  17:42  Command Center, Supply Depot  
  72  17:59  Command Center  
  72  18:02  Battlecruiser  
  72  18:04  Command Center  
  66  19:04  Battlecruiser x2  
  78  19:13  Battlecruiser  
  84  19:28  Engineering Bay  
  84  19:40  SCV  
  85  19:52  SCV  
  86  19:55  Planetary Fortress x2  
  86  20:03  Planetary Fortress  
  86  20:04  SCV  
  87  20:16  SCV  
  88  20:28  SCV  
  89  21:07  Planetary Fortress  
  89  21:09  Battlecruiser  
  95  21:13  Supply Depot  
  95  21:35  Supply Depot  
  95  21:58  Supply Depot  
Tags
 
Add a new tag
Caveats
  • Supply blocks, unpowered buildings, or Contaminate may cause inaccurate times.
  • Supply counts are checked every 10 seconds.